 Dungeon Crawl Stone Soup version 0.31-a0-246-g8cbcc1c (webtiles) character file.

Game seed: 13293626414947252702

233 Dawnplanks the Changeling (level 5, -1/49 HPs)
             Began as a Troll Shapeshifter on July 12, 2023.
             Shot with an arrow by a centaur (7 damage)
             ... on level 5 of the Dungeon.
             The game lasted 00:03:20 (1764 turns).

Dawnplanks the Changeling (Troll Shapeshifter)      Turns: 1764, Time: 00:03:20

Health: -1/49      AC:  0    Str: 25    XL:     5   Next: 74%
Magic:  4/4        EV: 10    Int:  4    God:
Gold:   137        SH:  0    Dex: 10    Spells: 4/4 levels left

rFire   . .          .
                       - Unarmed
rCold   . . .        (no shield)
rNeg    . . .        a - +0 animal skin
rPois   .            (helmet currently unavailable)
rElec   .            (cloak currently unavailable)
rCorr   .            (gloves unavailable)
SInv    .            (boots unavailable)
Will    .....        (no amulet)
Stlth   +            n - +4 ring of slaying
HPRegen 1.08/turn    (no ring)
MPRegen 0.09/turn

%: no passive effects
@: beast-form, corroded
A: beast (slay +3), large, unfitting armour, claws 3, regeneration 1, shaggy fur
1, tough skin 1
a: no special abilities


You were on level 5 of the Dungeon.
You were a hulking beast.
You visited 1 branch of the dungeon, and saw 5 of its levels.

You collected 137 gold pieces.

Inventory:

Armour
 a - a +0 animal skin (worn)
Jewellery
 n - a +4 ring of slaying (left claw)
Talismans
 c - a beast talisman
Scrolls
 d - a scroll of brand weapon {unknown}
 g - a scroll of silence {unknown}
 h - a scroll of fog {unknown}
 k - 2 scrolls of enchant weapon {unknown}
 l - 4 scrolls of identify {unknown}
 m - a scroll of poison {unknown}
 p - a scroll of blinking {unknown}
 q - a scroll of revelation {unknown}
Potions
 b - 2 potions of lignification
 e - a potion of berserk rage {unknown}
 f - a potion of haste {unknown}
 i - 2 potions of curing {unknown}
 j - 2 potions of invisibility {unknown}
 o - a potion of brilliance {unknown}


   Skills:
 + Level 1.9 Fighting
 + Level 2.0 Dodging
 + Level 4.2 Unarmed Combat
 + Level 4.3 Shapeshifting


You had 4 spell levels left.
You didn't know any spells.
Your spell library contained the following spells:

 Spells                   Type           Power      Damage    Failure   Level
 Kiss of Death            Conj/Necr      0%         2d5       50%         1
 Confusing Touch          Hex            0%         N/A       86%         3
 Dazzling Flash           Conj/Hex       0%         N/A       86%         3
 Volatile Blastmotes      Fire/Tloc      0%         2d10      86%         3
 Dispel Undead            Necr           0%         3d6       99%         4
 Starburst                Conj/Fire      0%         6d3       100%        6
 Maxwell's Capacitive Co  Air            0%         ∞         100%        8


Dungeon Overview and Level Annotations

Branches:
Dungeon (6/15)
 Temple: D:4-7

Altars:

Shops:
D:1 (*??(


Innate Abilities, Weirdness & Mutations

You are a hulking beast.
Your limbs bulge with bestial killing power. (Slay +3)
You are too large for most types of armour.
You have claws for hands.
Your natural rate of healing is unusually fast.
You are covered in fur. (AC +1)
You have tough skin. (AC +1)


Message History

The orc shouts!
An adder comes into view.
The orc hits you with a +0 hand axe.
You mangle the orc!!
You kill the orc!
You completely miss the orc. You scratch the orc.
The orc is moderately wounded.
A centaur comes into view.
The centaur shouts!
The orc hits you with a +0 short sword. The orc barely misses you.
You see here a +0 hand axe.
You claw the orc!
You kill the orc!
The adder bites you. The orc hits you with a +0 short sword.
The centaur wields a +0 shortbow.
The centaur shoots an arrow.
The arrow hits you. The adder closely misses you.
You scratch the adder.
The adder is moderately wounded.
The orc hits you with a +0 short sword. The adder closely misses you.
You closely miss the adder.
The adder is moderately wounded.
The centaur shoots an arrow.
The arrow hits you! The orc hits you but does no damage.
The adder bites you but does no damage.
The centaur shoots an arrow.
The arrow closely misses you.
The arrow hits the jelly.
You mangle the adder!!
You kill the adder!
The orc hits you with a +0 short sword. The jelly hits you.
The acid corrodes you!
You are splashed with acid!
Found a stone staircase leading up.
The centaur shoots an arrow.
The arrow barely misses you.
There is a stone staircase leading up, spattered with blood here.
You see here an adder corpse.
The centaur shoots an arrow.
The arrow hits you!
* * * LOW HITPOINT WARNING * * *
The orc hits you with a +0 short sword.
* * * LOW HITPOINT WARNING * * *
The centaur shoots an arrow.
The arrow hits you!
You die...

..........# ...
.J.....>..# ...
...#.#....##.# .
###.....### #.
#.........
#..##!.....#.##
##..........#...
.......oJ.#.....
......$)h......<
...........###..
......c..#...#
#.......###..#
........! ..#
##.#..... ...
###.###. ... ..
...


You could see a centaur, a jelly and an orc.

Vanquished Creatures
  An orc priest (D:3)
  Jessica (D:2)
  An orc wizard (D:3)
  5 adders
  4 gnolls
  A dart slug (D:2)
  10 orcs
  3 endoplasms
  2 giant cockroaches
  5 goblins
  6 hobgoblins
  4 quokkas
  7 ball pythons
  3 bats
  3 frilled lizards
  4 kobolds
  4 rats
64 creatures vanquished.

Notes
Turn   | Place    | Note
-------+----------+-------------------------------------------
     0 | D:1      | Dawnplanks the Troll Shapeshifter began the quest for the
                  | Orb.
     0 | D:1      | Reached XP level 1. HP: 19/19 MP: 0/0
    25 | D:1      | Found Gyreal's Magic Scroll Shoppe.
   164 | D:1      | Reached XP level 2. HP: 27/27 MP: 1/1
   175 | D:1      | Found Liript's Assorted Antiques.
   204 | D:1      | Found Ehulir's Magic Scroll Boutique.
   230 | D:1      | Found Uhumn's Weapon Emporium.
   611 | D:1      | Found Xuumus's Antique Weapon Emporium.
   947 | D:2      | Reached XP level 3. HP: 35/35 MP: 2/2
  1030 | D:2      | Reached XP level 4. HP: 26/42 MP: 3/3
  1141 | D:2      | Noticed Jessica
  1149 | D:2      | Killed Jessica
  1472 | D:3      | Found a faded altar of an unknown god.
  1502 | D:3      | Reached XP level 5. HP: 49/49 MP: 4/4
  1689 | D:3      | You fall into a shaft and drop 3 floors!
  1749 | D:5      | Entered Level 5 of the Dungeon
  1758 | D:5      | Noticed a centaur
  1764 | D:5      | Shot with an arrow by a centaur

Illustrated notes

Levels and vault maps discovered:
D:1:      lemuel_arrival_cross, layout_loops_corners, serial_shops, shop, shop,
          nicolae_shop_crystal, nicolae_shop_pleasant_corner_grove, shop,
          serial_bayou_pond_d
D:2:      layout_basic, uniq_jessica
D:3:      layout_rooms, serial_rivers, chequers_serial_rivers_micro_b,
          chequers_serial_rivers_small_3, chequers_serial_rivers_large_b,
          chequers_serial_rivers_large_a,
          shapermc_ecumenical_altar_starsandcircs, chequers_decorated_corner
D:5:      layout_cave_pools, hangedman_decor_peaks_small, nrook_mini_vaults
D:6:      layout_loops_cross, minmay_temple_entry_junction

Skill      XL: |  1  2  3  4  5 |
---------------+----------------+-----
Unarmed Combat | 3 4 |  4.2
Shapeshifting  | 4 |  4.3
Dodging        | 2 |  2.0
Fighting       | |  1.9

Action                     |  1- 3 |  4- 6 || total
---------------------------+-------+-------++-------
  Melee: Unarmed           |    43 |    57 ||   100
         Punch             |       |     1 ||     1
 Armour: Animal skin       |    17 |    20 ||    37
  Dodge: Dodged            |    22 |    17 ||    39

Table legend: (Time is in decaauts)
 A = Elapsed time spent in this place.
 B = Non-inter-level travel time spent in this place.
 C = Inter-level travel time spent in this place.
 D = Time resting spent in this place.
 E = Time spent auto-exploring this place.
 F = Levels seen in this place.
 G = Mean time per level.
                   A        B        C        D        E       F      G
               +--------+--------+--------+--------+--------+-----+--------+
         Total |   1763 |   1724 |     39 |      0 |   1429 |   5 |  352.6 |
       Dungeon |   1763 |   1724 |     39 |      0 |   1429 |   5 |  352.6 |
               +--------+--------+--------+--------+--------+-----+--------+

Top non-repeatable levels by time:
     D:1: 807 daAuts
     D:2: 632 daAuts
     D:3: 250 daAuts
     D:6: 59 daAuts
     D:5: 14 daAuts
